 Dungeon Crawl Stone Soup version 0.26.1-11-gd32895ea62 (webtiles) character file.

Game seed: 68930004349492823

28 Zeld the Insei (level 3, 0/23 HPs)
             Began as an Octopode Transmuter on May 26, 2021.
             Slain by Terence
             ... wielding a +0 mace
              (7 damage)
             ... on level 2 of the Dungeon.
             The game lasted 00:01:38 (1387 turns).

Zeld the Insei (Octopode Transmuter)                Turns: 1387, Time: 00:01:39

Health: 0/23       AC:  1    Str: 10    XL:     3   Next: 12%
Magic:  6/6        EV: 13    Int: 15    God:
Gold:   58         SH:  0    Dex: 12    Spells: 4/7 levels left

rFire    . . .     SeeInvis .     - Unarmed
rCold    . . .     Faith    .   (no shield)
rNeg     . . .     Spirit   .   (helmet currently unavailable)
rPois    .         Reflect  .   (no amulet)
rElec    .         Harm     .   (no ring)
rCorr    .         Rampage  .   (no ring)
Will     .....                  (no ring)
Stlth    ++........             (no ring)
HPRegen  0.07/turn              (no ring)
MPRegen  0.10/turn              (no ring)
                                (no ring)
                                (no ring)

@: appendages (expiring)
A: almost no armour, stealthy swim, amphibious, 8 rings, constrict 8, tentacle
spike 3, camouflage 1, gelatinous body 1
a: End Transformation


You were on level 2 of the Dungeon.
One of your tentacles had a temporary spike.
You visited 1 branch of the dungeon, and saw 2 of its levels.

You collected 58 gold pieces.

Inventory:

Wands
 c - a wand of flame (16)
Scrolls
 a - 3 scrolls of identify {unknown}
Potions
 b - a potion of berserk rage {unknown}
 d - a potion of curing {unknown}


   Skills:
 + Level 1.4 Fighting
 + Level 2.2 Dodging
 - Level 3.0 Unarmed Combat
 * Level 2.5 Spellcasting
 * Level 2.5 Transmutations


You had 4 spell levels left.
You knew the following spells:

 Your Spells              Type           Power        Failure   Level
a - Beastly Appendage     Tmut           18%          8%          1
b - Wereblood             Tmut           9%           11%         2

Your spell library contained the following spells:

 Spells                   Type           Power        Failure   Level
 Spider Form              Tmut/Pois      2%           36%         3
 Ice Form                 Ice/Tmut       5%           77%         4
 Blade Hands              Tmut           4%           90%         5


Dungeon Overview and Level Annotations

Branches:
Dungeon (2/15)

Altars:

Annotations:
D:2 Terence


Innate Abilities, Weirdness & Mutations

You cannot wear most types of armour.
You are very stealthy in the water. (Stealth+)
You are amphibious.
You can wear up to eight rings at the same time.
You can use your tentacles to constrict eight enemies at once.
Your skin changes colour to match your surroundings (Stealth+).
Your rubbery body absorbs attacks. (AC +1, EV +1)
One of your tentacles bears a large vicious spike.


Message History

Terence hits you with a +0 mace.
You tentacle-slap Terence but do no damage.
Your grab misses Terence.
Terence is lightly wounded.
Terence hits you with a +0 mace.
You completely miss Terence. You grab Terence.
Terence is lightly wounded.
You constrict Terence, but do no damage.
You tentacle-slap Terence but do no damage.
You pierce Terence.
Terence is heavily wounded.
You constrict Terence, but do no damage.
Terence hits you with a +0 mace!
You are too injured to fight recklessly!
You are too injured to fight recklessly!
You are too injured to fight recklessly!
You tentacle-slap Terence.
Terence is heavily wounded.
You constrict Terence. Terence hits you with a +0 mace!
You die...

...<..............#
...†...###..#####.#
#.....## ##.......#
####### ...#####.#
#........#
##.#####.# #
#.......#.#
...#####...#
.......@...#
......@.####
.........
........##
........# ........#
...###### #..


You could see Terence.

Vanquished Creatures
  3 dart slugs (D:1)
  A leopard gecko (D:2)
  3 giant cockroaches (D:1)
  A goblin (D:2)
  A hobgoblin (D:1)
  5 kobolds
  3 bats (D:1)
  4 frilled lizards (D:1)
21 creatures vanquished.

Notes
Turn   | Place    | Note
-------+----------+-------------------------------------------
     0 | D:1      | Zeld the Octopode Transmuter began the quest for the Orb.
     0 | D:1      | Reached XP level 1. HP: 13/13 MP: 3/3
   146 | D:1      | Reached XP level 2. HP: 8/18 MP: 5/5
   615 | D:1      | Learned a level 2 spell: Wereblood
  1318 | D:2      | Reached XP level 3. HP: 20/23 MP: 4/6
  1377 | D:2      | Noticed Terence
  1387 | D:2      | Slain by Terence

Illustrated notes

Levels and vault maps discovered:
D:1:      tarquinn_simple_flora_water_d, layout_basic, serial_corexii_hall,
          chequers_hall_statues_y, chequers_hall_statues_corner_a,
          minmay_fountain_box, hex_medium, st_stairs_13
D:2:      layout_rooms, nicolae_ru_the_path_less_chosen, grunt_ministairs_10,
          minmay_misc_feat_rows, tgw_trog, uniq_terence

Action                   || total
-------------------------++-------
Melee: Unarmed           ||    49
       Constrict         ||    11
       Kick              ||     8
       Tentacles         ||     6
       Punch             ||     1
 Cast: Beastly Appendage ||    12
 Stab: Sleeping          ||     3
Armor: Skin              ||     5
Dodge: Dodged            ||    32
